 Dungeon Crawl Stone Soup version 0.30-a0-371-gad7725a93e (webtiles) character file.

Game seed: 3472110508805078937

28 flotson the Sneak (level 2, 0/24 HPs)
             Began as a Demonspawn Delver on Nov 21, 2022.
             Slain by a river rat (4 damage)
             ... in a sewer.
             The game lasted 00:02:09 (315 turns).

flotson the Sneak (Demonspawn Delver)                Turns: 315, Time: 00:02:09

Health: 0/24       AC:  7    Str: 12    XL:     2   Next: 96%
Magic:  2/2        EV: 12    Int: 11    God:
Gold:   29         SH:  0    Dex: 14    Spells: 1/1 levels left

rFire   . . .      SeeInvis .    a - +0 war axe (vorpal)
rCold   + . .      Faith    .    (no shield)
rNeg    . . .      Spirit   .    b - +0 leather armour
rPois   .          Reflect  .    (no helmet)
rElec   .          Harm     .    (no cloak)
rCorr   .          Rampage  .    (no gloves)
Will    .....                    (no boots)
Stlth   ++........               (no amulet)
HPRegen 0.24/turn                l - +4 ring of protection
MPRegen 0.16/turn                n - ring of protection from cold

@: hasted, very quick
A: magic regeneration
a: no special abilities


You were in a sewer.
You visited 1 branch of the dungeon, and saw 2 of its levels.
You also visited: Sewer.

You collected 29 gold pieces.

Inventory:

Hand Weapons
 a - a +0 vorpal war axe (weapon)
Missiles
 o - 2 boomerangs (quivered)
Armour
 b - a +0 leather armour (worn)
 m - a +0 ring mail
Jewellery
 l - a +4 ring of protection (left hand)
 n - a ring of protection from cold (right hand)
Wands
 g - a wand of digging (2)
Scrolls
 c - a scroll of fog
 e - a scroll of fear
 i - a scroll of teleportation {unknown}
 k - 2 scrolls of identify {unknown}
Potions
 d - a potion of attraction {unknown}
 h - a potion of flight {unknown}
 j - a potion of heal wounds {unknown}


   Skills:
 + Level 3.2 Fighting
 - Level 1.7 Polearms
 + Level 0.2 Throwing
 + Level 0.9 Armour
 + Level 2.1 Dodging
 - Level 4.5 Stealth
 + Level 1.1 Evocations


You had one spell level left.
You didn't know any spells.
Your spell library was empty.

Dungeon Overview and Level Annotations

Branches:
Dungeon (5/15)              Sewer (1/1)
 Temple: D:4-7

Altars:


Innate Abilities, Weirdness & Mutations

You regenerate magic rapidly.


Message History

The river rat bites you.
Your unstable footing causes you to fumble your attack.
The ball python barely misses you. The ball python constricts you.
The river rat bites you but does no damage.
The ball python bites you. The ball python constricts you.
The river rat bites you but does no damage.
You hit the ball python.
The ball python is severely wounded.
You closely miss the river rat.
The ball python bites you but does no damage.
The ball python constricts you. The river rat bites you.
The ball python bites you. The ball python constricts you.
You are too injured to fight recklessly!
You are too injured to fight recklessly!
You are too injured to fight recklessly!
You are too injured to fight recklessly!
You are too injured to fight recklessly!
You are too injured to fight recklessly!
You are too injured to fight recklessly!
You escape the ball python's grasp.
The river rat barely misses you. The ball python barely misses you.
The ball python grabs you. The ball python constricts you.
The ball python barely misses you. The ball python constricts you.
You escape the ball python's grasp.
The river rat bites you. The ball python barely misses you.
The ball python grabs you. The ball python constricts you.
You escape the ball python's grasp.
The river rat attacks as you move away! The river rat barely misses you.
The ball python barely misses you. The ball python grabs you.
The ball python constricts you.
The river rat bites you but does no damage.
The ball python barely misses you. The ball python constricts you.
You hit the river rat but do no damage. You hit the ball python.
You kill the ball python!
The river rat twitches its whiskers.
The river rat bites you.
* * * LOW HITPOINT WARNING * * *
You feel yourself speed up. The river rat barely misses you.
You closely miss the river rat. The river rat bites you.
You die...

. .. ... #... #....
#####################
#.....#≈≈≈≈≈≈≈≈≈≈≈≈≈≈≈#...##
#.....~≈≈≈≈@≈≈≈~~≈~≈≈~....#
#.....~~~~r~≈≈#~~~~~≈..∩..#
#.....~~~~≈≈~~~≈~~~~~..∩..#
##...~~≈≈≈≈≈≈.~≈≈≈~~≈~....#
###.#~≈≈≈≈≈≈≈≈≈≈≈≈≈~....##
#######################


You could see a river rat.

Vanquished Creatures
  8 orcs (D:4)
  A ball python (Sewer)
  A giant cockroach (D:4)
  4 quokkas (D:4)
  A kobold (D:4)
  3 rats (Sewer)
18 creatures vanquished.

Notes
Turn   | Place    | Note
-------+----------+-------------------------------------------
     0 | D:5      | flotson the Demonspawn Delver began the quest for the Orb.
     0 | D:5      | Reached XP level 1. HP: 18/18 MP: 1/1
   151 | D:4      | Noticed a scorpion
   185 | D:4      | Noticed an iguana
   216 | D:4      | Gained mutation: You regenerate magic rapidly. [demonic
                  | ancestry]
   216 | D:4      | Reached XP level 2. HP: 16/24 MP: 2/2
   239 | D:4      | Reached skill level 1 in Evocations
   247 | D:4      | Found a glowing drain.
   273 | Sewer    | Entered a sewer
   315 | Sewer    | Slain by a river rat

Illustrated notes

Levels and vault maps discovered:
D:4:      layout_loops_cross, portal_sewer_entry_f, st_stairs_14
D:5:      layout_layer_cave, mainiacjoe_overflow_boulevard,
          gammafunk_ghost_mausoleum, uniq_menkaure
Sewer:    sewer_minmay_w

Skill      XL: |  1  2 |
---------------+-------+-----
Dodging        | 2 |  2.1
Evocations     | 1 |  1.1
Fighting       | |  3.2
Polearms       | |  1.7
Throwing       | |  0.2
Armour         | |  0.9
Stealth        | |  4.5

Action                   || total
-------------------------++-------
Melee: War axe           ||    51
Evoke: Wand              ||     1
  Use: Scroll            ||     1
       Potion            ||     1
 Stab: Sleeping          ||     1
Armor: Leather armour    ||    25
Dodge: Dodged            ||    61

Table legend: (Time is in decaauts)
 A = Elapsed time spent in this place.
 B = Non-inter-level travel time spent in this place.
 C = Inter-level travel time spent in this place.
 D = Time resting spent in this place.
 E = Time spent auto-exploring this place.
 F = Levels seen in this place.
 G = Mean time per level.
                   A        B        C        D        E       F      G
               +--------+--------+--------+--------+--------+-----+--------+
         Total |    346 |    346 |      0 |      0 |    142 |   3 |  115.3 |
       Dungeon |    287 |    287 |      0 |      0 |    123 |   2 |  143.5 |
         Sewer |     58 |     58 |      0 |      0 |     19 |   1 |   58.0 |
               +--------+--------+--------+--------+--------+-----+--------+

Top non-repeatable levels by time:
     D:4: 144 daAuts
     D:5: 143 daAuts
   Sewer: 58 daAuts
